AoeStats
← Sorrowft

Arabia

510472146Analyzed
2v2 RM · 9h ago on Oct 1, 2026· 47m 6s· 4 players
Game mode
Random Map
Map size
Medium (4 player)
Population
200
Speed
Normal
Resources
Standard
Victory
Conquest
Starting age
Dark Age
Ending age
Imperial Age
RankedLock teamsTeams togetherTeam positionsShared explorationLock speedFull tech treeHidden civsTurbo modeCheats
Victory
Defeat
🇲🇽 Franks · Mexico
819
+13
🇵🇦 Khitans · Panama
721
+18
🇲🇽 Chinese · Mexico
787
-17
🇲🇽 Romans · Mexico
724
-14
fadax12345
0:53 Loom
11:21 Feudal Age
13:55 Double-Bit Axe
14:47 Wheelbarrow
18:47 Castle Age
18:30 Scale Mail Armor
26:41 Hand Cart
28:36 Bow Saw
30:02 Arson
30:54 Town Watch
37:52 Imperial Age
37:32 Caravan
37:37 Squires
36:58 Pikeman
38:05 Husbandry
38:31 Cavalier
40:30 Chemistry
39:50 Ballistics
43:03 Scale Barding Armor
43:13 Chain Mail Armor
43:09 Forging
42:50 Fletching
43:01 Padded Archer Armor
45:55 Paladin
Elcaifascefas
3:04 Loom
11:43 Feudal Age
12:50 Double-Bit Axe
16:59 Fletching
23:20 Castle Age
23:04 Scale Mail Armor
23:15 Forging
24:40 Chain Mail Armor
29:37 Lamellar Armor
39:15 Imperial Age
40:46 Plate Mail Armor
40:53 Iron Casting
PILLORA
11:00 Feudal Age
11:45 Man-at-Arms
12:18 Loom
23:51 Castle Age
23:54 Crossbowman
26:19 Pikeman
26:59 Squires
29:44 Double-Bit Axe
29:40 Horse Collar
31:27 Town Watch
32:41 Elite Skirmisher
42:20 Imperial Age
Sorrowft
0:59 Loom
11:12 Feudal Age
12:20 Double-Bit Axe
13:52 Forging
13:36 Fletching
16:39 Wheelbarrow
16:17 Town Watch
19:00 Horse Collar
21:56 Castle Age
23:37 Heavy Plow
23:49 Bow Saw
23:59 Gold Mining
25:03 Stone Mining
26:07 Town Patrol
26:22 Hand Cart
27:08 Thumb Ring
34:42 Imperial Age
32:46 Padded Archer Armor
38:19 Conscription
40:00 Ballistics
40:40 Chemistry
41:47 Elite Chu Ko Nu
43:02 Bodkin Arrow
43:22 Leather Archer Armor
43:21 Forging
43:12 Scale Mail Armor
45:03 Bracer
45:34 Ring Archer Armor
45:24 Elite Fire Lancer
Connection lost

Rejoining the realm…

Still unreachable

The connection could not be restored.

Session expired

The server has moved on; the page needs a fresh start.